 Dungeon Crawl Stone Soup version 0.19-a0-1714-gcab94ab (webtiles) character file.

365441 Miyamura the Bewitcher (level 21, 0/112 HPs)
             Began as a Spriggan Enchanter on July 3, 2015.
             Was the Champion of Dithmenos.
             Killed from afar by a crystal guardian (34 damage)
             ... with a crystal bolt
             ... on level 3 of the Vaults on Sept 28, 2016.
             The game lasted 05:12:51 (61657 turns).

Miyamura the Bewitcher (Spriggan Enchanter)        Turns: 61657, Time: 05:12:52

Health: 0/112      AC: 16    Str: 16    XL:     21   Next: 58%
Magic:  40/44      EV: 36    Int: 22    God:    Dithmenos [******]
Gold:   2508       SH: 11    Dex: 22    Spells: 14 memorised, 4 levels left

rFire  . . .     SeeInvis +     q - +10 long sword of the Inquisitive Mice {slice, *Corrode rElec MR+ Str+4}
rCold  . . .     Gourm    .     B - +5 robe of Night {Dark MR+ SInv}
rNeg   . . .     Faith    .     u - +2 buckler
rPois  +         Spirit   .     D - +2 hat
rElec  +         Dismiss  .     l - +2 cloak
rCorr  .         Reflect  .     (gloves unavailable)
MR     +++++     Harm     .     (boots unavailable)
Stlth  ++++++++++               Y - amulet "Wualeis" {rPois Regen+}
                                L - ring "Fobruqum" {+Inv AC+3 Str+5 Dex+4}
                                (no ring)

@: very slightly contaminated, hasted, wreathed by umbra, very quick
A: unfitting armour, see invisible, herbivore 3, speed 3, slow metabolism 2
a: Shadow Step, Shadow Form, Renounce Religion, Evoke Invisibility
}: 2/15 runes: serpentine, barnacled


You were on level 3 of the Vaults.
You worshipped Dithmenos.
Dithmenos was exalted by your worship.
You were full.

You visited 9 branches of the dungeon, and saw 43 of its levels.
You also visited: Trove, Ice Cave and Desolation.

You collected 6673 gold pieces.
You spent 4165 gold pieces at shops.

Inventory:

Hand Weapons
 h - the +6 quick blade of Law {drain, rElec MR+}
   (You found it in a treasure trove)

   A truly terrible weapon, it drains the life of those it strikes.
   It insulates you from electricity.
   It affects your resistance to hostile enchantments.
 n - a +9 blowgun
 q - the +10 long sword of the Inquisitive Mice (weapon) {slice, *Corrode rElec MR+ Str+4}
   (You bought it in a shop on level 1 of the Shoals)

   It inflicts extra damage upon your enemies.
   It affects your strength (+4).
   It insulates you from electricity.
   It affects your resistance to hostile enchantments.
   It may corrode you when you take damage.
 r - the +8 dagger of Zuciwi {freeze, rN+++ MP+9 Str-2}
   (You bought it in a shop on level 1 of the Shoals)

   It has been specially enchanted to freeze those struck by it, causing extra
   injury to most foes and up to half again as much damage against particularly
   susceptible opponents.
   It can also slow down cold-blooded creatures.
   It affects your strength (-2).
   It renders you almost immune to negative energy.
   It affects your magic capacity (+9).
 y - the +12 quick blade "Paasm" {pierce, *Noise +Blink rF+++ Int-4}
   (You found it in a treasure trove)

   It inflicts extra damage upon your enemies.
   It affects your intelligence (-4).
   It renders you almost immune to fire.
   It lets you blink.
   It may make noises in combat.
 T - the +7 Spriggan's Knife {MR+ EV+4 Dex+4 Stlth+}
   (You acquired it on level 8 of the Lair of Beasts)

   It affects your evasion (+4).
   It affects your dexterity (+4).
   It affects your resistance to hostile enchantments.
   It makes you more stealthy.
Missiles
 p - 11 needles of sleeping
 z - 17 needles of paralysis
Armour
 l - a +2 cloak (worn)
 u - a +2 buckler (worn)
 B - the +5 robe of Night (worn) {Dark MR+ SInv}
   (You found it on level 2 of the Lair of Beasts)

   It affects your resistance to hostile enchantments.
   It lets you see invisible.
 D - a +2 hat (worn)
Magical Staves
 c - an uncursed staff of energy
Jewellery
 g - an uncursed ring of flight
 s - an uncursed ring of wizardry
 E - the ring "Ugelopiq" {rF+++ rN+}
   (You acquired it on level 3 of the Snake Pit)

   [ring of positive energy]

   It renders you almost immune to fire.
   It protects you from negative energy.
 J - the ring of Kindness {rC+ MR+ Stlth+}
   (You found it on level 12 of the Dungeon)

   [ring of protection from cold]

   It protects you from cold.
   It affects your resistance to hostile enchantments.
   It makes you more stealthy.
 L - the ring "Fobruqum" (right hand) {+Inv AC+3 Str+5 Dex+4}
   (You found it in the Desolation of Salt)

   [ring of protection]

   It affects your AC (+3).
   It affects your strength (+5).
   It affects your dexterity (+4).
   It lets you turn invisible.
 R - the ring of Youthful Indiscretion {AC+5 Dex+4}
   (You found it in the Desolation of Salt)

   [ring of protection]

   It affects your AC (+5).
   It affects your dexterity (+4).
 X - an uncursed ring of resist corrosion
 Y - the amulet "Wualeis" (around neck) {rPois Regen+}
   (You found it in the Desolation of Salt)

   [amulet of regeneration]

   It protects you from poison.
   It increases your rate of regeneration.
Wands
 t - a wand of iceblast (4/15)
 U - a wand of digging (13/24)
Scrolls
 b - 4 scrolls of fear
 o - 6 scrolls of magic mapping
 v - 10 scrolls of amnesia
 A - 2 scrolls of blinking
 H - a scroll of identify
 K - 2 scrolls of summoning
 M - 6 scrolls of remove curse
 S - 3 scrolls of fog
 V - 2 scrolls of teleportation
 Z - 6 scrolls of recharging
Potions
 a - 4 potions of agility
 e - 2 potions of cancellation
 f - 12 potions of curing
 i - 3 potions of heal wounds
 k - a potion of resistance
 m - 3 potions of might
 w - a potion of cure mutation {!q}
 x - 7 potions of flight
 F - 2 potions of brilliance
 I - 2 potions of magic
 O - a potion of haste
 P - a potion of invisibility
 Q - a potion of berserk rage
 W - 2 potions of lignification
Miscellaneous
 j - 2 boxes of beasts
 N - a sack of spiders
Comestibles
 d - 15 bread rations


   Skills:
 + Level 12.4 Fighting
 - Level 10.5(11.7) Short Blades
 + Level 6.4(8.3) Long Blades
   Level 7.0 Polearms
 - Level 9.3 Throwing
 + Level 18.2 Dodging
 - Level 16.0 Stealth
 - Level 8.0 Shields
 + Level 18.4 Spellcasting
 - Level 19.9 Hexes
 - Level 10.8 Charms
 + Level 6.7 Air Magic
 - Level 6.0 Evocations


You had 4 spell levels left.
You knew the following spells:

 Your Spells              Type           Power        Failure   Level  Hunger
a - Airstrike             Air            ######....   1%          4    None
b - Blink                 Tloc           N/A          4%          2    None
c - Confuse               Hex            #######.     0%          3    None
d - Discord               Hex            #######...   6%          8    #######
e - Ensorcelled Hibernat  Hex/Ice        ######       1%          2    None
f - Cause Fear            Hex            #######...   0%          4    None
h - Haste                 Chrm           ######..     6%          6    ####...
m - Mephitic Cloud        Conj/Pois/Air  ####....     3%          3    None
t - Tukima's Dance        Hex            #######.     0%          3    None
z - Dazzling Spray        Conj/Hex       ######       1%          3    None
A - Aura of Abjuration    Summ           ###.......   75%         5    None
D - Deflect Missiles      Chrm/Air       ######....   14%         6    ####...
N - Apportation           Tloc           ###.......   2%          1    None
S - Swiftness             Chrm/Air       ######..     1%          2    None


Dungeon Overview and Level Annotations

Branches:
Dungeon (15/15)            Temple (1/1) D:4            Lair (8/8) D:8
 Shoals (4/4) Lair:6        Snake (4/4) Lair:3        Slime (0/6) Lair:6
    Orc (4/4) D:9             Elf (3/3) Orc:4        Vaults (3/5) D:13
  Crypt (0/3) Vaults:2     Depths (1/5) D:15

Altars:
Ashenzari
Cheibriados
Dithmenos
Elyvilon
Fedhas
Gozag
Kikubaaqudgha
Makhleb
Nemelex Xobeh
Okawaru
Qazlal
Ru
Sif Muna
Trog
Vehumet
Xom
Zin
The Shining One
Beogh
Jiyva

Shops:
D:14 [   D:15 =   Orc:3 !*(:   Orc:4 !?[=   Elf:1 [   Shoals:1 (   Snake:3 (
Snake:4 [   Vaults:2 **(   Vaults:3 [

Annotations:
D:7 4 runed doors
D:10 exclusion: orange crystal statue
D:11 exclusion: obsidian statue
Lair:2 exclusion: 2 oklob plants


Innate Abilities, Weirdness & Mutations

You are very small and have problems with some larger weapons.
You are too small for most types of armour.
You have supernaturally acute eyesight. (SInv)
You are a herbivore.
You cover ground extremely quickly.
You need consume almost no food.


Message History

You block the crystal guardian's attack.
You hit the crystal guardian but do no damage.
The crystal guardian is heavily damaged.
The crystal guardian fires a crystalline bolt at you.
The crystal bolt freezes you!
You hit the crystal guardian but do no damage.
The crystal guardian is heavily damaged.
You hit the crystal guardian but do no damage.
The crystal guardian is heavily damaged.
The crystal guardian fires a crystalline bolt at you.
The crystal bolt freezes you!
* * * LOW HITPOINT WARNING * * *
You are too injured to fight recklessly!
Things that are here:
a short sword; a leather armour
Things that are here:
a flail; a ring mail The crystal guardian fires a crystalline bolt at you.
The crystal bolt burns you!
You die...

.......###.........## #....
.......##...#...#...# #....
#####).###.###.###.## #....
....#..##.÷)#...#...##
#....
....#..'..>.8.....<..#
#....
....#..##...#...#...##
#.).. ....#..###.###.###.##
###'# ....#..##...#.÷.#...#
##..
....#..###..).).@..########
##... ....#..#
##.#)..#.##......###....
#####..#
####)#####......##..###
.......# #####'###
#......'...#.. .......#
#.......# #......#...'..
.......# #......(#
#......#)..#.. .......#
#.......# #......##..###
.......# #.......#
#......###.... .......#
#.....<.# ######## ##...


You could see a crystal guardian.

Vanquished Creatures
  Saint Roka (Orc:4)
  Rupert (Orc:3)
  An Ice Fiend (IceCv)
  3 deep elf blademasters
  A deep elf master archer (Elf:3)
  A kraken (Shoals:3)
  A tengu reaver (Vaults:2)
  Ilsuiw (Shoals:3)
  4 nagarajas (Snake:4)
  A fire giant (Vaults:3)
  4 deep elf sorcerers
  2 imperial myrmidons (Desolation)
  3 vault wardens
  A deep elf elementalist (Elf:3)
  An orc warlord (Orc:4)
  Aizul (Vaults:3)
  8 ironheart preservers
  3 very ugly things (Vaults:1)
  An entropy weaver (Vaults:1)
  Nessos (D:12)
  The ghost of Yakui the Impaler, a journeyman MfGl of Okawaru (Lair:7)
  5 deep elf demonologists
  2 stone giants
  3 halazid warlocks (Desolation)
  A vampire knight (Vaults:2)
  11 deep elf annihilators
  5 merfolk javelineers
  Snorg (Lair:7)
  3 crystal guardians
  9 yaktaur captains
  5 merfolk impalers
  A great orb of eyes (Vaults:1)
  6 deep elf death magi
  3 fire dragons
  6 hydras
  Fannar (D:12)
  6 ragged hierophants (Desolation)
  5 vault guards
  9 servants of whispers (Desolation)
  8 naga warriors
  4 ogre magi
  2 ice dragons
  Harold (Lair:2)
  7 peacekeepers (Desolation)
  6 anacondas
  A merfolk avatar (Shoals:3)
  2 death knights (Vaults:2)
  8 centaur warriors
  6 merfolk aquamancers
  3 satyrs
  22 dancing weapons
  A deep troll earth mage (Vaults:2)
  16 naga sharpshooters
  5 shock serpents
  2 tengu warriors
  A small abomination (Vaults:3)
  4 orc high priests (Orc:4)
  10 deep elf knights
  Sonja (D:13)
  A storm dragon zombie (Vaults:2)
  4 unseen horrors
  4 salamander mystics
  A shadow wraith (Vaults:1)
  4 deep trolls
  A fire crab (Lair:8)
  16 sea snakes
  2 wizards (D:13)
  4 harpies
  10 ironbrand convokers
  6 naga ritualists
  2 necromancers
  6 hill giants
  Pikel (D:8)
  12 orc knights
  9 deep elf archers
  8 mana vipers
  A wolf spider zombie (D:14)
  6 wolf spiders
  A wolf spider (shapeshifter) (Vaults:2)
  5 orc sorcerers
  16 ugly things
  24 fauns
  4 cyclopes
  54 deep elf magi
  12 manticores
  8 salamanders
  Maurice (D:12)
  A centaur zombie (D:10)
  8 guardian serpents
  2 frost giant skeletons (Vaults:2)
  20 elephants
  22 black mambas
  12 naga magi
  5 ice statues
  10 sirens
  10 water nymphs
  A molten gargoyle (Desolation)
  5 vault sentinels
  Psyche (D:8)
  16 spiny frogs
  3 gargoyles
  A rime drake (Lair:1)
  11 ice devils (IceCv)
  2 kobold demonologists
  2 anaconda simulacra (IceCv)
  22 yaktaurs
  An efreet (D:14)
  9 komodo dragons
  24 merfolk
  2 golden dragon simulacra (IceCv)
  2 polar bears
  47 saltlings (Desolation)
  8 trolls
  8 two-headed ogres
  11 wind drakes
  17 blink frogs
  7 snapping turtles
  19 dream sheep
  20 hippogriffs
  15 slime creatures
  A fire giant simulacrum (Vaults:2)
  2 air elementals
  A stone giant simulacrum (Vaults:1)
  2 human simulacra
  A dire elephant simulacrum (IceCv)
  5 redbacks
  A shadow (D:14)
  11 spriggans (Lair:8)
  13 water elementals
  A vampire (D:12)
  49 yaks
  2 wyverns
  2 fire elementals (Elf:1)
  16 humans (D:13)
  A yak (shapeshifter) (Elf:2)
  Eustachio (D:5)
  A steam dragon (Lair:2)
  8 vampire mosquitoes
  A naga (shapeshifter) (Vaults:1)
  5 basilisks
  2 harpy simulacra (IceCv)
  4 mottled dragons
  11 wargs
  16 nagas
  3 soldier ants
  An iron troll simulacrum (IceCv)
  21 water moccasins
  6 porcupines
  A hydra simulacrum (IceCv)
  2 ice beasts
  59 orc warriors
  A necrophage (D:13)
  5 sky beasts
  5 black bears (Lair:8)
  3 phantoms
  An ettin simulacrum (IceCv)
  38 ogres
  24 wolves
  3 wasps
  3 boggarts (Lair:8)
  22 centaurs
  A crocodile (shapeshifter) (Vaults:2)
  21 crocodiles
  4 big kobolds
  3 earth elementals
  26 bullfrogs
  A water moccasin skeleton (D:10)
  4 scorpions
  10 killer bees
  8 wights
  An electric eel (Snake:1)
  4 howler monkeys
  12 crimson imps
  A wasp zombie (D:9)
  2 bullfrog zombies
  8 hounds
  27 orc wizards
  52 orc priests
  4 centaur skeletons
  8 jellies
  A bullfrog skeleton (D:4)
  13 worker ants
  4 hell rats (Lair:7)
  8 iguanas
  A hound zombie (D:5)
  A hound skeleton (D:7)
  A howler monkey zombie (D:11)
  3 worker ant zombies
  3 gnolls (D:9)
  A howler monkey skeleton (D:5)
  12 adders
  64 river rats
  2 shadow imps
  5 oozes
  3 leopard geckos
  158 orcs
  11 bats
  6 giant cockroaches
  9 goblins
  9 hobgoblins
  16 jackals
  22 kobolds
  7 quokkas
  2 ball pythons (D:2)
  A frilled lizard (D:5)
  A jackal skeleton (D:5)
  2 jackal zombies
  A quokka skeleton (D:5)
  18 rats
  A crawling corpse (Vaults:3)
  A fungus (Lair:4)
1739 creatures vanquished.

Vanquished Creatures (collateral kills)
  A vault warden (Vaults:2)
  3 ironheart preservers
  A deep elf annihilator (Elf:3)
  A crystal guardian (Desolation)
  A centaur warrior (Vaults:2)
  A merfolk impaler (Shoals:4)
  A ragged hierophant (Desolation)
  4 naga warriors
  An ironbrand convoker (Desolation)
  5 naga sharpshooters
  2 deep elf knights (Elf:3)
  A deep troll (Vaults:2)
  A naga ritualist (Snake:4)
  2 deep elf archers
  4 harpies (Vaults:2)
  A mana viper (Snake:1)
  An orc knight (Vaults:1)
  5 deep elf magi
  A wolf spider (Vaults:2)
  A vault sentinel (Vaults:2)
  15 ugly things
  5 salamanders
  3 sirens
  7 naga magi (Snake:4)
  2 black mambas (Snake:4)
  A molten gargoyle (Desolation)
  2 yaktaurs
  A troll (Vaults:2)
  A meliai (shapeshifter) (Vaults:2)
  2 two-headed ogres
  7 saltlings (Desolation)
  A merfolk (Shoals:3)
  17 nagas
  10 orc warriors
  2 ogres
  4 wights
  2 orc priests (Orc:4)
  2 orc wizards
  21 orcs
143 creatures vanquished.

Vanquished Creatures (others)
  A deep elf master archer (Elf:3)
  A deep elf sorcerer (Elf:3)
  An imperial myrmidon (Desolation)
  A vault warden (Vaults:2)
  A deep elf elementalist (Elf:3)
  A ragged hierophant (Desolation)
  A harpy (Vaults:2)
  A deep elf high priest (Elf:3)
  A naga sharpshooter (Snake:4)
  4 deep elf knights (Elf:3)
  4 deep elf magi
  A deep elf archer (Elf:3)
  An ugly thing (Vaults:1)
  A cyclops (Vaults:2)
  3 naga magi (Snake:4)
  11 dancing weapons
  4 nagas
  4 slaves (D:8)
  2 bullfrog zombies (D:8)
  An orc (Vaults:3)
  A bush (Lair:7)
  20 fungi
  61 plants
127 creatures vanquished.

Grand Total: 2009 creatures vanquished

Notes
Turn   | Place    | Note
-------+----------+-------------------------------------------
     0 | D:1      | Miyamura the Spriggan Enchanter began the quest for the Orb.
     0 | D:1      | Reached XP level 1. HP: 9/9 MP: 5/5
   310 | D:1      | Reached XP level 2. HP: 13/13 MP: 6/6
   337 | D:1      | Learned a level 2 spell: Ensorcelled Hibernation
  1078 | D:2      | Reached XP level 3. HP: 10/17 MP: 1/8
  1174 | D:2      | Learned a level 3 spell: Confuse
  1448 | D:2      | Reached skill level 5 in Stealth
  2307 | D:3      | Reached skill level 1 in Fighting
  2307 | D:3      | Reached XP level 4. HP: 20/22 MP: 6/9
  2631 | D:3      | Reached XP level 5. HP: 23/25 MP: 8/11
  2798 | D:3      | Noticed a moth of wrath
  3263 | D:3      | Noticed a water moccasin
  3267 | D:3      | Found a glowing golden altar of the Shining One.
  3276 | D:3      | Killed a water moccasin
  3276 | D:3      | Reached XP level 6. HP: 21/30 MP: 9/13
  3277 | D:3      | Found a shadowy altar of Dithmenos.
  3277 | D:3      | Found a shattered altar of Ashenzari.
  3277 | D:3      | Found a shimmering altar of Xom.
  3278 | D:3      | Found a sparkling altar of Nemelex Xobeh.
  3280 | D:3      | Found an ancient bone altar of Kikubaaqudgha.
  3378 | D:3      | Became a worshipper of Dithmenos the Shadowed
  3950 | D:3      | Found a bloodstained altar of Trog.
  4253 | D:4      | Reached skill level 5 in Dodging
  4341 | D:4      | Upgraded the game from 0.17-a0-1479-g4041c36 to 0.17-a0-1575-g9a29ec8
  4341 | D:4      | Upgraded the game from 0.17-a0-1575-g9a29ec8 to 0.19-a0-1704-gbd66c22
  4435 | D:4      | Found a staircase to the Ecumenical Temple.
  4523 | D:4      | Reached skill level 5 in Hexes
  4647 | D:4      | Reached XP level 7. HP: 31/35 MP: 5/14
  4704 | D:4      | Reached * piety under Dithmenos
  4810 | D:4      | Found a radiant altar of Vehumet.
  5076 | D:5      | Entered Level 5 of the Dungeon
  5220 | Temple   | Entered the Ecumenical Temple
  5290 | D:5      | Found an opulent altar of Gozag.
  5292 | D:5      | Found a snail-covered altar of Cheibriados.
  5293 | D:5      | Found a white marble altar of Elyvilon.
  5359 | D:5      | Reached skill level 5 in Spellcasting
  5371 | D:5      | Reached XP level 8. HP: 39/39 MP: 3/16
  5509 | D:5      | Noticed Eustachio
  5512 | D:5      | Killed Eustachio
  5512 | D:5      | Reached skill level 6 in Hexes
  5518 | D:5      | Learned a level 3 spell: Tukima's Dance
  5697 | D:6      | Reached ** piety under Dithmenos
  5836 | D:6      | Reached skill level 5 in Short Blades
  5926 | D:6      | Reached XP level 9. HP: 42/44 MP: 7/19
  6127 | D:6      | Found a deep blue altar of Sif Muna.
  6249 | D:6      | Reached skill level 7 in Hexes
  6377 | D:7      | Found a sacrificial altar of Ru.
  6630 | D:7      | Reached *** piety under Dithmenos
  6811 | D:7      | Found a huge runed gate.
  6812 | D:7      | Found a huge runed gate.
  6812 | D:7      | Noticed a death yak
  6813 | D:7      | Found a huge runed gate.
  6813 | D:7      | Noticed a death yak
  6814 | D:7      | Found a huge runed gate.
  6825 | D:7      | Noticed a polar bear
  6844 | D:7      | Noticed a polar bear
  6866 | D:7      | Found a stormy altar of Qazlal.
  6883 | D:7      | Found a blossoming altar of Fedhas.
  7073 | D:8      | Found a staircase to the Lair.
  7240 | D:8      | Got an encrusted spear
  7253 | D:8      | Noticed Pikel
  7319 | D:8      | Killed Pikel
  7319 | D:8      | Reached skill level 10 in Stealth
  7408 | D:8      | Reached XP level 10. HP: 51/51 MP: 17/22
  7425 | D:8      | Noticed Psyche
  7440 | D:8      | Killed Psyche
  7440 | D:8      | Reached skill level 8 in Hexes
  8142 | D:8      | Reached **** piety under Dithmenos
  8151 | D:8      | Reached skill level 5 in Fighting
  8302 | Lair:1   | Entered Level 1 of the Lair of Beasts
  8312 | Lair:1   | Identified the +6 spear "Baupp" {venom, rPois MR+} (You found it on level 8 of the Dungeon)
  8767 | Lair:1   | Noticed a spiny frog
  8803 | Lair:1   | Reached skill level 10 in Dodging
  8827 | Lair:1   | Learned a level 4 spell: Cause Fear
  8929 | Lair:1   | Killed a spiny frog
  8929 | Lair:1   | Reached skill level 9 in Hexes
  9214 | Lair:1   | Noticed a spiny frog
  9219 | Lair:1   | Killed a spiny frog
  9602 | Lair:2   | Noticed a spiny frog
  9602 | Lair:2   | Noticed a spiny frog
  9646 | Lair:1   | Reached XP level 11. HP: 35/56 MP: 17/24
  9771 | Lair:2   | Noticed a five-headed hydra
  9788 | Lair:2   | Killed a five-headed hydra
 10310 | Lair:2   | Noticed an oklob plant
 10753 | Lair:2   | Noticed an oklob plant
 10756 | Lair:2   | Reached ***** piety under Dithmenos
 10900 | Lair:2   | Noticed Harold
 10905 | Lair:2   | Killed Harold
 11036 | Lair:2   | Learned a level 3 spell: Dazzling Spray
 11158 | Lair:3   | Reached skill level 1 in Throwing
 11902 | Lair:3   | Noticed a seven-headed hydra
 11925 | Lair:3   | Killed a seven-headed hydra
 11971 | Lair:3   | Reached skill level 5 in Throwing
 12540 | Lair:3   | Found a staircase to the Snake Pit.
 13221 | Lair:4   | Reached XP level 12. HP: 61/61 MP: 26/26
 15326 | Lair:4   | Reached skill level 10 in Hexes
 15533 | Lair:5   | Noticed a four-headed hydra
 15536 | Lair:5   | Killed a four-headed hydra
 15725 | Lair:5   | Reached skill level 10 in Spellcasting
 16903 | Lair:6   | Reached XP level 13. HP: 66/66 MP: 28/28
 16989 | Lair:6   | Found a viscous altar of Jiyva.
 16990 | Lair:6   | Found a staircase to the Slime Pits.
 17248 | Lair:6   | Found a staircase to the Shoals.
 17679 | Lair:7   | Reached ****** piety under Dithmenos
 17972 | Lair:7   | Noticed Snorg
 17981 | Lair:7   | Killed Snorg
 18179 | Lair:7   | Noticed Yakui's ghost (journeyman MfGl)
 18199 | Lair:7   | Killed Yakui's ghost
 18308 | Lair:7   | Reached skill level 11 in Hexes
 18343 | Lair:7   | Learned a level 4 spell: Airstrike
 18650 | Lair:7   | Reached skill level 10 in Short Blades
 19060 | Lair:8   | Entered Level 8 of the Lair of Beasts
 20079 | Lair:8   | Reached XP level 14. HP: 56/72 MP: 22/30
 20780 | Lair:8   | Identified a scroll of acquirement
 21336 | Lair:8   | Reached skill level 1 in Polearms
 21524 | Lair:8   | Got a scorched quarterstaff
 21525 | Lair:8   | Identified the +8 quarterstaff "Fynleupn" {venom, Int+6} (You found it on level 8 of the Lair of Beasts)
 21723 | Lair:1   | Learned a level 6 spell: Haste
 21730 | Lair:1   | Learned a level 6 spell: Deflect Missiles
 21857 | D:9      | Found a staircase to the Orcish Mines.
 22474 | Orc:1    | Entered Level 1 of the Orcish Mines
 22518 | Orc:1    | Found a roughly hewn altar of Beogh.
 22552 | Orc:1    | Reached skill level 15 in Stealth
 23241 | Orc:2    | Found a burning altar of Makhleb.
 23576 | Orc:2    | Found a roughly hewn altar of Beogh.
 23749 | Orc:4    | Entered Level 4 of the Orcish Mines
 23805 | Orc:3    | Found Hotishay's Book Shoppe.
 23813 | Orc:3    | Bought a book of Spatial Translocations for 910 gold pieces
 23816 | Orc:3    | Learned a level 2 spell: Blink
 23818 | Orc:3    | Learned a level 1 spell: Apportation
 24031 | Orc:3    | Found Vulyiphocoekk's Distillery.
 24037 | Orc:3    | Bought a potion of mutation for 30 gold pieces
 24126 | Orc:3    | Found Qint's Antique Weapon Shop.
 24142 | Orc:3    | Bought a pitted flail for 212 gold pieces
 24142 | Orc:3    | Identified the +4 flail "Diash" {crush, rPois rC- Stlth+} (You bought it in a shop on level 3 of the Orcish Mines)
 24199 | Orc:3    | Found Jemmor Azizu's General Store.
 24202 | Orc:3    | Bought 5 fruits for 97 gold pieces
 24202 | Orc:3    | Bought a scroll of identify for 26 gold pieces
 24489 | Orc:4    | Noticed Rupert
 24636 | Orc:3    | Killed Rupert
 24636 | Orc:3    | Reached skill level 12 in Hexes
 25016 | Orc:3    | Bought 2 needles of paralysis for 15 gold pieces
 25159 | Orc:4    | Found a roughly hewn altar of Beogh.
 25305 | Orc:4    | Reached skill level 5 in Polearms
 25305 | Orc:4    | Reached XP level 15. HP: 78/78 MP: 32/32
 25319 | Orc:4    | Found Neluqad's Jewellery Boutique.
 25325 | Orc:4    | Bought an uncursed ring of protection from fire for 350 gold pieces
 25331 | Orc:4    | Found Kuushih's Antique Armour Shop.
 25343 | Orc:4    | Bought a steaming robe for 188 gold pieces
 25344 | Orc:4    | Identified the +0 robe of the Flute {rF- MP+9 Str+2 Int+7} (You bought it in a shop on level 4 of the Orcish Mines)
 25751 | Orc:4    | Noticed Saint Roka
 26314 | Orc:4    | Killed Saint Roka
 26455 | Orc:4    | Found a staircase to the Elven Halls.
 26548 | Orc:4    | Identified the Almanac of Confrontation and Snow
 26655 | Orc:4    | Learned a level 3 spell: Mephitic Cloud
 26809 | Orc:4    | Found a roughly hewn altar of Beogh.
 26810 | Orc:4    | Noticed an orc warlord
 27014 | Orc:4    | Killed an orc warlord
 27034 | Orc:4    | Reached XP level 16. HP: 44/83 MP: 13/33
 27221 | Orc:4    | Found Soom's Magic Scroll Emporium.
 27423 | Orc:4    | Bought a scroll of remove curse for 33 gold pieces
 27423 | Orc:4    | Bought a scroll of identify for 22 gold pieces
 27423 | Orc:4    | Bought a scroll of blinking for 82 gold pieces
 27423 | Orc:4    | Bought a scroll of vulnerability for 82 gold pieces
 27423 | Orc:4    | Bought a scroll of remove curse for 33 gold pieces
 27423 | Orc:4    | Bought a scroll of magic mapping for 38 gold pieces
 27423 | Orc:4    | Bought a scroll of enchant weapon for 82 gold pieces
 27423 | Orc:4    | Bought a scroll of fog for 22 gold pieces
 27423 | Orc:4    | Bought a scroll of fog for 22 gold pieces
 27454 | Orc:4    | Found Cylo Bif's Distillery.
 27859 | Orc:4    | Bought a potion of haste for 130 gold pieces
 27992 | D:10     | Entered Level 10 of the Dungeon
 28210 | D:10     | Reached skill level 15 in Dodging
 28224 | D:10     | Found a portal to a secret trove of treasure.
 28825 | D:11     | Identified the Handbook of Torrid Calling
 29050 | D:11     | Learned a level 2 spell: Swiftness
 29804 | D:11     | Got an ominously black robe
 29814 | D:11     | Identified the +2 robe of Dice, Bag, and Bottle {rC++ Regen+ MP-9} (You found it on level 11 of the Dungeon)
 29844 | D:12     | Noticed Fannar
 29854 | D:12     | Killed Fannar
 29954 | D:12     | Noticed Nessos
 29959 | D:12     | Killed Nessos
 30214 | D:12     | Reached skill level 13 in Hexes
 30309 | D:12     | Noticed Maurice
 30314 | D:12     | Killed Maurice
 30604 | D:12     | Got a glittering ivory ring
 30639 | D:12     | Identified the ring of Kindness {rC+ MR+ Stlth+} (You found it on level 12 of the Dungeon)
 31232 | D:13     | Noticed Sonja
 31234 | D:13     | Killed Sonja
 31465 | D:13     | Found a gate to the Vaults.
 32611 | D:14     | Found Ichiplo's Armour Emporium.
 32898 | D:15     | Entered Level 15 of the Dungeon
 33109 | D:15     | Found Izoskuawu's Jewellery Shoppe.
 33722 | D:15     | Found a staircase to the Depths.
 33799 | D:15     | Reached skill level 10 in Fighting
 34235 | Depths:1 | Entered Level 1 of the Depths
 34611 | Shoals:1 | Entered Level 1 of the Shoals
 34683 | Shoals:1 | Reached skill level 1 in Evocations
 34818 | Shoals:1 | Reached XP level 17. HP: 89/89 MP: 36/36
 34856 | Shoals:1 | Found Sutriaf's Antique Weapon Shoppe.
 34911 | Shoals:1 | Bought an iridescent long sword for 246 gold pieces
 34911 | Shoals:1 | Bought an encrusted dagger for 203 gold pieces
 34913 | Shoals:1 | Identified the +8 dagger of Zuciwi {freeze, rN+++ MP+9 Str-2} (You bought it in a shop on level 1 of the Shoals)
 34914 | Shoals:1 | Identified the +10 long sword of the Inquisitive Mice {slice, *Corrode rElec MR+ Str+4} (You bought it in a shop on level 1 of the Shoals)
 34994 | Shoals:1 | Reached skill level 5 in Evocations
 35286 | Shoals:1 | Reached skill level 1 in Charms
 35965 | Shoals:2 | Reached skill level 5 in Charms
 36601 | Shoals:3 | Noticed a kraken
 36623 | Shoals:3 | Killed a kraken
 37190 | Shoals:4 | Entered Level 4 of the Shoals
 38459 | Shoals:4 | Reached skill level 10 in Charms
 38742 | Shoals:4 | Reached skill level 15 in Spellcasting
 38843 | Shoals:4 | Got a barnacled rune of Zot
 39283 | Shoals:4 | Noticed Ilsuiw
 39329 | Shoals:4 | Reached skill level 14 in Hexes
 39355 | Shoals:3 | Killed Ilsuiw
 40072 | Shoals:4 | Identified Afuhi's Incunabulum of Congealing Aid
 40412 | Orc:4    | Bought an uncursed ring of wizardry for 420 gold pieces
 40699 | D:15     | Bought an uncursed ring of poison resistance for 220 gold pieces
 41011 | Snake:1  | Entered Level 1 of the Snake Pit
 41145 | Snake:1  | Reached XP level 18. HP: 96/96 MP: 38/38
 41155 | Snake:1  | Learned a level 8 spell: Discord
 41168 | Snake:1  | Reached skill level 15 in Hexes
 42838 | Snake:2  | Reached skill level 16 in Hexes
 43019 | Snake:2  | Found a frozen archway.
 43077 | IceCv    | Entered an ice cave
 43547 | IceCv    | Noticed an Ice Fiend
 43572 | IceCv    | Killed an Ice Fiend
 43891 | IceCv    | Got a slimy war axe
 43892 | IceCv    | Identified the +4 war axe of the Sage {drain, Str+4} (You found it in an ice cave)
 44044 | IceCv    | Reached skill level 17 in Hexes
 44666 | Snake:3  | Found Enliti's Weapon Boutique.
 44684 | Snake:3  | Bought 6 needles of sleeping for 54 gold pieces
 44729 | Snake:3  | Got a crude lapis lazuli ring
 44730 | Snake:3  | Identified the ring "Ugelopiq" {rF+++ rN+} (You acquired it on level 3 of the Snake Pit)
 44800 | Snake:3  | Found a sacrificial altar of Ru.
 45059 | Snake:3  | Reached skill level 18 in Hexes
 45428 | Snake:4  | Entered Level 4 of the Snake Pit
 46432 | Snake:4  | Reached skill level 19 in Hexes
 47159 | Snake:4  | Found Lawan's Antique Armour Boutique.
 47162 | Snake:4  | Bought a dazzling cloak for 342 gold pieces
 47163 | Snake:4  | Identified the +0 cloak of Elitism {rC- Int+2 SInv Stlth+} (You bought it in a shop on level 4 of the Snake Pit)
 47484 | Snake:4  | Reached XP level 19. HP: 100/100 MP: 35/39
 47509 | Snake:4  | Got a serpentine rune of Zot
 47793 | Snake:4  | Upgraded the game from 0.19-a0-1704-gbd66c22 to 0.19-a0-1714-gcab94ab
 48187 | D:10     | You paid a toll of 14 scrolls of teleportation to enter a treasure trove
 48188 | Trove    | Entered a treasure trove
 48216 | Trove    | Got a crude quick blade
 48217 | Trove    | Identified the +6 quick blade of Law {drain, rElec MR+} (You found it in a treasure trove)
 48219 | Trove    | Got an encrusted quick blade
 48220 | Trove    | Identified the +12 quick blade "Paasm" {pierce, *Noise +Blink rF+++ Int-4} (You found it in a treasure trove)
 48247 | Trove    | Got an ebony whip
 48248 | Trove    | Identified the +9 whip of Jaluifeu {freeze, *Noise rElec rF- Dex+8} (You found it in a treasure trove)
 48255 | Trove    | Got a twisted mace
 48256 | Trove    | Identified the cursed +0 mace of Suympav {drain, rF+} (You found it in a treasure trove)
 48269 | Trove    | Got a jewelled broad axe
 48275 | Trove    | Identified the +7 broad axe of Tucufiz {chop, *Drain rElec rC+++ Int+3} (You found it in a treasure trove)
 48409 | Vaults:1 | Entered Level 1 of the Vaults
 48456 | Vaults:1 | Reached skill level 1 in Shields
 49313 | Vaults:1 | Reached skill level 5 in Shields
 50351 | Vaults:2 | Found Irext's Antique Weapon Boutique.
 50393 | Vaults:2 | Found a ruined gateway.
 50470 | Desolati | Entered the Desolation of Salt
 50543 | Desolati | Got a flickering lapis lazuli ring
 50544 | Desolati | Identified the ring "Vyuberug" {Fire rPois Str+2 Slay+3} (You found it in the Desolation of Salt)
 50548 | Desolati | Got a smoking rapier
 50549 | Desolati | Identified the +5 rapier of Paper {pierce, *Rage rPois rC+ Str+4} (You found it in the Desolation of Salt)
 51051 | Desolati | Got a flickering silver amulet
 51053 | Desolati | Identified the amulet "Wualeis" {rPois Regen+} (You found it in the Desolation of Salt)
 51062 | Desolati | Identified the Grimoire of Ensnaring Flight
 51142 | Desolati | Reached XP level 20. HP: 105/105 MP: 28/41
 51512 | Desolati | Reached skill level 1 in Air Magic
 51604 | Desolati | Reached skill level 1 in Long Blades
 51622 | Desolati | Identified the Guide on Gliding Orientation
 51631 | Desolati | Got a glittering tin ring
 51633 | Desolati | Identified the ring of Youthful Indiscretion {AC+5 Dex+4} (You found it in the Desolation of Salt)
 51638 | Desolati | Got a steaming lapis lazuli ring
 51640 | Desolati | Identified the ring "Fobruqum" {+Inv AC+3 Str+5 Dex+4} (You found it in the Desolation of Salt)
 52196 | Lair:1   | Learned a level 5 spell: Aura of Abjuration
 52328 | Elf:1    | Entered Level 1 of the Elven Halls
 52614 | Elf:1    | Identified the Grimoire of Combat Magic
 53024 | Elf:1    | Found Vodwumpe's Armour Shoppe.
 53324 | Elf:2    | Got a polished cloak
 53335 | Elf:2    | Identified the +0 cloak "Zutwogajuapt" {Int+2} (You found it on level 2 of the Elven Halls)
 53784 | Elf:2    | Found a runed gate.
 53784 | Elf:2    | Found a runed gate.
 53784 | Elf:2    | Found a runed gate.
 55119 | Elf:3    | Entered Level 3 of the Elven Halls
 56757 | Elf:3    | Reached skill level 5 in Air Magic
 57041 | Elf:3    | Got a scintillating pewter ring
 57043 | Elf:3    | Identified the ring of Loogij {*Drain rN+ MR+ MP+9 Stlth+} (You found it on level 3 of the Elven Halls)
 57070 | Elf:3    | Identified the Handbook of the Boosting Rocks
 57090 | Elf:3    | Identified the Guide on Cloudy Evil Rituals
 57493 | Elf:3    | Got a bloodstained buckler
 57499 | Elf:3    | Identified the +1 buckler "Moitioxo" {*Slow Str+5} (You found it on level 3 of the Elven Halls)
 57565 | Elf:3    | Got an ancient trident {vamp}
 57575 | Elf:3    | Identified the cursed +1 trident of Jedghu {vamp, *Contam rPois Dex+4} (You took it off a deep elf annihilator on level 3 of the Elven Halls)
 58166 | Vaults:2 | Reached XP level 21. HP: 111/111 MP: 43/43
 58539 | Vaults:2 | Noticed Mara
 58544 | Vaults:2 | Noticed Miyamura's illusion
 58632 | Vaults:2 | Reached skill level 5 in Long Blades
 58792 | Vaults:2 | Found a staircase to the Crypt.
 58905 | Vaults:2 | Found Qeekk's General Store.
 58907 | Vaults:2 | Found Xydgh's Assorted Antiques.
 59029 | Vaults:2 | Bought a scroll of teleportation for 99 gold pieces
 59031 | Vaults:2 | Bought 8 needles of paralysis for 67 gold pieces
 59031 | Vaults:2 | Bought a scroll of identify for 28 gold pieces
 59031 | Vaults:2 | Bought a potion of curing for 42 gold pieces
 59031 | Vaults:2 | Bought a bread ration for 70 gold pieces
 59974 | Vaults:3 | Found Atazoxyach's Antique Armour Boutique.
 60307 | Vaults:3 | Got a brightly glowing platinum ring
 60308 | Vaults:3 | Identified the ring of Emeacliz {rPois EV+3} (You found it on level 3 of the Vaults)
 60979 | Vaults:3 | Noticed Aizul
 60985 | Vaults:3 | Killed Aizul
 61657 | Vaults:3 | Killed from afar by a crystal guardian

Vault maps used:
D:1:      minmay_arrival_plants_in_alcoves
D:2:      guppyfry_early_lair_pool
D:3:      minitemple, st_stairs_10, tgw_trog
D:4:      lemuel_doored_altar, minmay_temple_entry_junction, first_bread
D:5:      grunt_temple_overflow_open, uniq_eustachio
D:6:      lemuel_blue_sif_altar
D:7:      lemuel_bear_cage, grunt_temple_overflow_forces_of_nature,
          kennysheep_little_box
D:8:      lair_0_dummy, hangedman_pestilent_swarm, uniq_psyche, uniq_pikel
D:9:      minmay_orc_entry_guard_dogs
D:10:     minmay_statue_hallways, nicolae_trove_entry_diagonal
D:11:     lemuel_ice_spiral_2, hangedman_abyss_or_decor_stabs,
          minmay_protected_statue
D:12:     minmay_bent, uniq_maurice, uniq_fannar, uniq_nessos
D:13:     grunt_vaults_entry_tiered, kennysheep_generic_room_3, uniq_sonja
D:14:     serial_shops, shop, nicolae_two_hexagons
D:15:     grunt_enter_depths_hoard, serial_shops, shop, hangedman_decor_growths
Temple:   circular_temple_6
Lair:1:   grunt_megastairs_3
Lair:2:   lemuel_slime, minmay_lair_oklob_bushes, infiniplex_staircase_pool_2,
          uniq_harold
Lair:3:   minmay_snake_entry_spellcaster
Lair:5:   minmay_holes, lemuel_fruit_fields
Lair:6:   elwin_shoals_entry_rooms, slime_altar_1, st_stairs_7,
          grunt_megastairs_5
Lair:7:   st_stairs_10, serial_bayou_shore_b, uniq_snorg
Lair:8:   minmay_lair_end_enchanted_forest, grunt_forest_small_clearings
Shoals:1: serial_shops, shop
Shoals:4: shoals_end_grunt_garden, shoals_ilsuiw_ice,
          nicolae_shoals_water_shrine
Snake:1:  serial_bayou_shore_a
Snake:2:  portal_ice_cave_entry_ice_statue_one, minmay_snake_pond
Snake:3:  basic_altar, serial_shops, shop_fountains
Snake:4:  snake_pit, serial_shops, nicolae_shop_trees, st_stairs_1
Orc:1:    basic_altar
Orc:2:    basic_altar, nicolae_orc_rockfall, david_defended_altar_orc
Orc:3:    serial_shops, shop, shop_fountains, nicolae_shop_stone,
          nicolae_shop_behind_doors, nicolae_orc_damp_corner
Orc:4:    pubby_orc_utopia, uniq_saint_roka, uniq_rupert
Elf:1:    serial_shops, shop, minmay_elf_annihilation, minmay_misc_feat_cross,
          fake_guardian_serpent_vault
Elf:2:    grunt_ministairs_11, guppyfry_library_mini
Elf:3:    elf_hall, nicolae_elf_w_pinch, nicolae_elf_big_sculpture_2
Vaults:1: v_misc_23, hangedman_vaults_capsules, ontoclasm_vaults_fault,
          vaults_dpeg_spiral, vaults_room_fours,
          nicolae_vaults_mini_display_case, nicolae_vaults_little_squares_5,
          vaults_dpeg_hooks, nicolae_vaults_little_squares_3,
          hangedman_vaults_snaps, st_cross, hangedman_vaults_river_flow,
          v_misc_1, ontoclasm_vaults_bender, vaults_dpeg_cross,
          ontoclasm_vaults_hangar
Vaults:2: ontoclasm_vaults_pinch, vaults_dpeg_diagonal,
          vaults_room_stairs_pillars, blue_anna_dwarven_crypt, v_misc_31,
          nicolae_vaults_little_squares_6, nicolae_vaults_border_crossing,
          v_misc_1, ontoclasm_vaults_loading_screen,
          portal_desolation_entry_ruin, serial_shops, shop, shop, shop,
          uniq_mara
Vaults:3: v_misc_11, vaults_room_fancy_cross, v_rooms_3,
          nicolae_vaults_circle_grid_a, vaults_mumra_hex,
          ontoclasm_vaults_loading_screen, ontoclasm_vaults_hangar,
          nicolae_vaults_alarming, v_pattern_4, v_misc_15, serial_shops, shop,
          uniq_aizul
Depths:1: lightli_too_deep, lemuel_flamethrower_2, serial_bayou_shore_b
Trove:    trove_weapon_2
IceCv:    ice_cave_tombish

Skill      XL: |  1  2  3  4  5  6  7  8  9 10 11 12 13 14 15 16 17 18 19 20 21 |
---------------+----------------------------------------------------------------+-----
Stealth        | 5 6 7 8 10 11 12 13 14 15 16 | 16.0
Fighting       | 1 2 3 4 5 6 7 8 10 11 12 | 12.4
Dodging        | 5 6 7 9 10 11 12 13 14 16 17 18 | 18.2
Short Blades   | 3 4 5 6 7 8 9 10 | 10.5
Hexes          | 5 6 7 9 10 11 12 13 14 19 | 19.9
Spellcasting   | 5 6 7 8 9 10 11 12 14 15 16 17 18 | 18.4
Throwing       | 6 9 |  9.3
Polearms       | 5 7 |  7.0
Evocations     | 3 6 |  6.0
Charms         | 10 | 10.8
Shields        | 8 |  8.0
Air Magic      | 5 6 |  6.7
Long Blades    | 4 6 |  6.4

Action                   |  1- 3 |  4- 6 |  7- 9 | 10-12 | 13-15 | 16-18 | 19-21 || total
-------------------------+-------+-------+-------+-------+-------+-------+-------++-------
Melee: Dagger            |    66 |       |       |       |       |       |       ||    66
       Short sword       |    18 |   118 |       |       |       |       |       ||   136
       Short sword       |       |    31 |   386 |   369 |   503 |   315 |       ||  1604
       Blowgun           |       |       |       |     1 |       |       |       ||     1
       Knife             |       |       |       |       |   561 |  1410 |   627 ||  2598
       Quick blade       |       |       |       |       |       |       |   626 ||   626
       Long sword        |       |       |       |       |       |       |   419 ||   419
       Dagger            |       |       |       |       |       |       |    50 ||    50
 Fire: Blowgun           |       |       |       |   434 |       |       |       ||   434
 Cast: Ensorcelled Hiber |    27 |    13 |       |       |       |       |       ||    40
       Confuse           |       |    13 |       |       |       |       |       ||    13
       Ensorcelled Hiber |       |     7 |    39 |    64 |   214 |   214 |    12 ||   550
       Confuse           |       |     1 |    21 |    48 |    72 |   141 |   147 ||   430
       Tukima's Dance    |       |       |     3 |     4 |    58 |   133 |    21 ||   219
       Dazzling Spray    |       |       |       |    99 |     2 |    36 |    61 ||   198
       Cause Fear        |       |       |       |     7 |     1 |     2 |       ||    10
       Blink             |       |       |       |       |     1 |     1 |     3 ||     5
       Haste             |       |       |       |       |       |     7 |     5 ||    12
       Discord           |       |       |       |       |       |     6 |    20 ||    26
       Deflect Missiles  |       |       |       |       |       |       |     1 ||     1
 Abil: Evoke Flight      |       |       |       |       |       |    32 |       ||    32
       Evoke Invisibilit |       |       |       |       |       |       |     3 ||     3
Evoke: Wand              |       |       |       |     7 |    10 |     1 |     5 ||    23
       Sack of spiders   |       |       |       |       |       |       |     4 ||     4
  Use: Scroll            |     6 |     2 |       |       |       |       |       ||     8
       Scroll            |       |       |    11 |    10 |    10 |    22 |    19 ||    72
       Potion            |       |       |       |       |     9 |     8 |     7 ||    24
 Stab: Sleeping          |    26 |    12 |       |       |       |       |       ||    38
       Confused          |       |     3 |       |       |       |       |       ||     3
       Sleeping          |       |     4 |    40 |    75 |   227 |   356 |   167 ||   869
       Confused          |       |     1 |    13 |    25 |    47 |    82 |   122 ||   290
       Distracted        |       |       |       |     2 |     9 |    25 |    16 ||    52
       Fleeing           |       |       |       |       |     1 |       |       ||     1
       Invisible         |       |       |       |       |       |    15 |    21 ||    36
  Eat: Fruit             |     1 |     2 |       |       |       |       |       ||     3
       Bread ration      |       |       |     1 |       |       |     2 |     3 ||     6
       Royal jelly       |       |       |       |     4 |     5 |     3 |       ||    12
       Pizza             |       |       |       |     1 |       |       |     5 ||     6
       Fruit             |       |       |       |       |       |    17 |    10 ||    27
Armor: Robe              |       |     6 |    28 |    29 |    62 |    76 |    70 ||   271
       Skin              |       |       |       |       |       |     5 |       ||     5
Dodge: Dodged            |       |    24 |   338 |   359 |   889 |  1402 |   863 ||  3875
       Deflected         |       |       |       |       |       |       |    15 ||    15
Block: Buckler           |       |       |       |       |       |       |   350 ||   350
